 Dungeon Crawl Stone Soup version 0.23.2-40-g277498a001 (webtiles) character file.

Game seed: 5270444636380882843

235 Kostasan the Cudgeler (level 5, -1/48 HPs)
             Began as a Minotaur Berserker on Oct 2, 2019.
             Was a Believer of Trog.
             Slain by a slave (7 damage)
             ... led by Pikel
             ... on level 5 of the Dungeon.
             The game lasted 00:05:19 (2021 turns).

Kostasan the Cudgeler (Minotaur Berserker)          Turns: 2021, Time: 00:05:19

Health: -1/48      AC:  7    Str: 22    XL:     5   Next: 76%
Magic:  4/4        EV: 12    Int:  4    God:    Trog [**....]
Gold:   58         SH:  0    Dex: 10    Spells: 4/4 levels left

rFire    . . .     SeeInvis .   a - +0 mace
rCold    . . .     Gourm    .   (no shield)
rNeg     . . .     Faith    .   s - +3 leather armour {rPois}
rPois    +         Spirit   .   (helmet restricted)
rElec    .         Reflect  .   (no cloak)
rCorr    .         Harm     .   r - +0 pair of gloves
MR       .....                  (no boots)
Stlth    +.........             (no amulet)
HPRegen  0.16/turn              (no ring)
MPRegen  0.09/turn              (no ring)

@: lethally poisoned (-1 -> -10)
A: retaliatory headbutt, horns 2
a: Berserk, Trog's Hand, Renounce Religion


You were on level 5 of the Dungeon.
You worshipped Trog.
Trog was pleased with you.
You were very hungry.

You visited 1 branch of the dungeon, and saw 4 of its levels.

You collected 58 gold pieces.

Inventory:

Hand Weapons
 a - a +0 mace (weapon)
Armour
 b - a +0 ring mail
 r - a +0 pair of gloves (worn)
 s - a +3 leather armour of poison resistance (worn)
Jewellery
 g - an uncursed ring of see invisible {unknown}
 i - an uncursed ring of see invisible {unknown}
 o - an uncursed amulet of magic regeneration
 q - a +2 ring of protection {unknown}
Wands
 k - a wand of scattershot (9)
Scrolls
 e - 2 scrolls of identify
 f - a scroll of blinking {unknown}
 h - a scroll of fog {unknown}
 m - a scroll of remove curse {unknown}
 n - a scroll of amnesia {unknown}
 p - a scroll of teleportation {unknown}
Potions
 d - 3 potions of curing {unknown}
 j - 2 potions of heal wounds {unknown}
Comestibles
 c - 4 rations
 l - 3 chunks of flesh


   Skills:
 + Level 5.0 Fighting
 * Level 6.0 Maces & Flails
 + Level 4.2 Armour
 - Level 2.4 Dodging


You had 4 spell levels left.
You didn't know any spells.
Your spell library was empty.

Dungeon Overview and Level Annotations

Branches:
Dungeon (3/15)

Altars:
Qazlal


Innate Abilities, Weirdness & Mutations

You reflexively headbutt those who attack you in melee.
You have a pair of horns on your head.


Message History

The slave hits you but does no damage.
You hit the slave.
The slave is moderately wounded.
The worker ant bites you.
* * * LOW HITPOINT WARNING * * *
The slave closely misses you. The slave hits you but does no damage.
The worker ant bites you.
* * * LOW HITPOINT WARNING * * *
You are more poisoned.
The worker ant poisons you!
You closely miss the slave. You headbutt the slave!
The slave is severely wounded.
* * * LOW HITPOINT WARNING * * *
You feel sick. The slave closely misses you. You furiously retaliate!
You headbutt the slave, but do no damage.
The slave hits you.
* * * LOW HITPOINT WARNING * * *
The worker ant bites you but does no damage.
The slave hits you!
You die...

...............
...............
.......W.......
.....................
#....................
##...................
....$..p.............
......p@.............
...##...a............
..#..................
.....................
.$...................
....###..............
#..# #..##.>.........
##. ...####..........
# ...# #..........


You could see a phantom, 2 slaves and a worker ant.

Vanquished Creatures
  A slave (D:5)
  A bullfrog (D:5)
  A hound (D:5)
  Ijyb (D:5)
  3 adders
  2 oozes
  2 worms (D:2)
  3 dart slugs
  3 leopard geckos
  An orc (D:3)
  A giant cockroach (D:2)
  6 goblins
  7 hobgoblins
  8 jackals
  A quokka (D:2)
  A ball python (D:3)
  8 bats
  4 frilled lizards
  7 kobolds
  A leopard gecko skeleton (D:5)
  10 rats
72 creatures vanquished.

Notes
Turn   | Place    | Note
-------+----------+-------------------------------------------
     0 | D:1      | Kostasan the Minotaur Berserker began the quest for the
                  | Orb.
     0 | D:1      | Reached XP level 1. HP: 19/19 MP: 0/0
   196 | D:1      | Reached XP level 2. HP: 27/27 MP: 1/1
   389 | D:1      | Reached skill level 4 in Maces & Flails
   602 | D:1      | Reached XP level 3. HP: 30/33 MP: 2/2
  1086 | D:2      | Reached ** piety under Trog
  1435 | D:2      | Reached XP level 4. HP: 39/41 MP: 3/3
  1549 | D:2      | Reached skill level 5 in Maces & Flails
  1712 | D:3      | Found a stormy altar of Qazlal.
  1965 | D:3      | You fall through a shaft for 2 floors!
  1965 | D:5      | Entered Level 5 of the Dungeon
  1965 | D:5      | Noticed a bullfrog
  1973 | D:5      | Reached XP level 5. HP: 44/47 MP: 4/4
  1986 | D:5      | Noticed Ijyb
  1992 | D:5      | Killed Ijyb
  1992 | D:5      | Reached skill level 5 in Fighting
  1992 | D:5      | Reached skill level 6 in Maces & Flails
  2002 | D:5      | Noticed a slave
  2007 | D:5      | Noticed a slave
  2009 | D:5      | Noticed a slave
  2009 | D:5      | Noticed a phantom
  2015 | D:5      | Killed a slave
  2021 | D:5      | Slain by a slave

Skill      XL: |  1  2  3  4  5 |
---------------+----------------+-----
Maces & Flails | 4 5 6 |  6.0
Fighting       | 4 5 |  5.0
Armour         | 3 4 |  4.2
Dodging        | |  2.4

Action                   |  1- 3 |  4- 6 || total
-------------------------+-------+-------++-------
Melee: Mace              |    93 |    73 ||   166
       Headbutt          |    18 |    10 ||    28
Invok: Berserk           |     1 |     1 ||     2
  Use: Scroll            |       |     2 ||     2
  Eat: Chunk             |     2 |     2 ||     4
Armor: Leather armour    |     5 |    10 ||    15
       Animal skin       |     1 |       ||     1
       Ring mail         |    21 |    29 ||    50
Dodge: Dodged            |    64 |    54 ||   118
